 Dungeon Crawl Stone Soup version 0.28.0-53-g5a82cb258f (webtiles) character file.

Game seed: 8713536640243436173

1504 Zeld the Thaumaturge (level 8, -7/41 HPs)
             Began as a Deep Elf Fire Elementalist on May 22, 2022.
             Was an Initiate of Vehumet.
             Mangled by a wyvern zombie (13 damage)
             ... on level 6 of the Dungeon.
             The game lasted 00:07:17 (8049 turns).

Zeld the Thaumaturge (Deep Elf Fire Elementalist)   Turns: 8049, Time: 00:07:18

Health: -7/41      AC:  4    Str:  5    XL:     8   Next: 52%
Magic:  28/31      EV: 14    Int: 25    God:    Vehumet [......]
Gold:   201        SH:  0    Dex: 15    Spells: 17/23 levels left

rFire   . . .      SeeInvis +   (no weapon)
rCold   . . .      Faith    .   (no shield)
rNeg    . . .      Spirit   .   x - +1 robe {rC+}
rPois   .          Reflect  .   j - +0 helmet
rElec   .          Harm     .   (no cloak)
rCorr   .          Rampage  .   (no gloves)
Will    .....                   (no boots)
Stlth   ++........              m - amulet of magic regeneration
HPRegen 0.13/turn               q - ring of Odwemp {+Blink rC- Int+2 Slay+6 SInv}
MPRegen 0.62/turn               w - ring of magical power

@: no status effects
A: no striking features
a: Renounce Religion, Evoke Blink


You were on level 6 of the Dungeon.
You worshipped Vehumet.
Vehumet was noncommittal.
You visited 2 branches of the dungeon, and saw 7 of its levels.
You also visited: Sewer.

You collected 201 gold pieces.

Inventory:

Armour
 j - a +0 helmet (worn)
 x - a +1 robe of cold resistance (worn)
Jewellery
 m - an amulet of magic regeneration (around neck)
 q - the ring of Odwemp (left hand) {+Blink rC- Int+2 Slay+6 SInv}
   (You found it on level 6 of the Dungeon)

   [ring of see invisible]

   Int:       It affects your intelligence (+2).
   Slay:      It affects your accuracy & damage with ranged weapons and melee
   (+6).
   rC:        It makes you vulnerable to cold.
   SInv:      It lets you see invisible.
   +Blink:    It lets you blink.
 w - a ring of magical power (right hand)
Wands
 a - a wand of paralysis (5)
 o - a wand of charming (2)
Scrolls
 d - 5 scrolls of blinking {unknown}
 f - a scroll of vulnerability {unknown}
 g - 3 scrolls of teleportation {unknown}
 h - 2 scrolls of identify {unknown}
 i - a scroll of enchant armour {unknown}
 l - a scroll of fear {unknown}
 p - a scroll of acquirement {unknown}
 t - a scroll of enchant weapon {unknown}
Potions
 b - 2 potions of ambrosia {unknown}
 c - 2 potions of curing {unknown}
 e - a potion of mutation {unknown}
 k - 3 potions of heal wounds {unknown}
 n - a potion of cancellation {unknown}
 r - 2 potions of brilliance {unknown}
 s - 2 potions of haste {unknown}
 u - a potion of magic {unknown}
 v - a potion of berserk rage {unknown}


   Skills:
 + Level 5.6 Dodging
 - Level 2.4 Stealth
 * Level 8.2 Spellcasting
 + Level 4.4 Conjurations
 - Level 4.0 Hexes
 * Level 7.2 Fire Magic


You had 17 spell levels left.
You knew the following spells:

 Your Spells              Type           Power      Damage    Failure   Level
a - Foxfire               Conj/Fire      100%       2x1d9     1%          1
b - Scorch                Fire           92%        2d10      1%          2
c - Inner Flame           Hex/Fire       38%        N/A       1%          3

Your spell library contained the following spells:

 Spells                   Type           Power      Damage    Failure   Level
 Conjure Flame            Conj/Fire      39%        6-21      1%          3
 Shock                    Conj/Air       84%        1d8       2%          1
 Ensorcelled Hibernation  Hex/Ice        40%        N/A       4%          2
 Flame Wave               Conj/Fire      39%        2d9       5%          4
 Freeze                   Ice            40%        1d6       6%          1
 Blink                    Tloc           20%        N/A       9%          2
 Passwall                 Tmut/Erth      8%         N/A       9%          2
 Lesser Beckoning         Tloc           10%        N/A       19%         3
 Swiftness                Air            10%        N/A       19%         3
 Airstrike                Air            5%         N/A       52%         4
 Summon Lightning Spire   Summ/Air       10%        N/A       52%         4
 Excruciating Wounds      Necr           5%         N/A       86%         5
 Manifold Assault         Tloc           10%        N/A       86%         5
 Conjure Ball Lightning   Conj/Air       10%        3x3d6     98%         6
 Storm Form               Tmut/Air       5%         N/A       100%        7
 Maxwell's Capacitive Co  Air            5%         ∞         100%        8
 Chain Lightning          Conj/Air       10%        3d14      100%        9


Dungeon Overview and Level Annotations

Branches:
Dungeon (6/15)             Temple (1/1) D:4           Sewer (visited)

Altars:
Cheibriados
Elyvilon
Fedhas
Hepliaklqana
Kikubaaqudgha
Makhleb
Nemelex Xobeh
Okawaru
Qazlal
Ru
Sif Muna
Trog
Uskayaw
Vehumet
Wu Jian
Xom
Yredelemnul
Zin

Annotations:
D:6 Edmund


Message History

Your Spellcasting skill increases to level 8!
Casting: Scorch (safe; 1% risk of failure)
Confirm with . or Enter, or press ? or * to list all spells.
Flames lash the phantom.
The phantom is almost destroyed.
The phantom's fire resistance burns away.
The phantom completely misses you.
Casting: Scorch (safe; 1% risk of failure)
Confirm with . or Enter, or press ? or * to list all spells.
Flames lash the phantom.
The phantom is burned terribly!
You destroy the phantom!
Vehumet accepts your kill. The hound bites you.
Casting: Scorch (safe; 1% risk of failure)
Confirm with . or Enter, or press ? or * to list all spells.
Flames lash the hound.
The hound is severely wounded.
The hound's fire resistance burns away.
The hound barely misses you.
A wraith comes into view.
Unknown command.
The hound bites you but does no damage. The hound barely misses you.
Casting: Scorch (safe; 1% risk of failure)
Confirm with . or Enter, or press ? or * to list all spells.
Flames lash the hound.
The hound is burned terribly!
You kill the hound!
Vehumet accepts your kill.
Unknown command.
Edmund clears his throat.
You hit the wyvern zombie.
The wyvern zombie is moderately damaged.
Edmund hits you with a +2 dire flail of protection!
* * * LOW HITPOINT WARNING * * *
The wyvern zombie bites you.
* * * LOW HITPOINT WARNING * * *
You hit the wyvern zombie.
The wyvern zombie is moderately damaged.
Edmund hits you but does no damage. The wyvern zombie barely misses you.
The wyvern zombie bites you!
You die...

.. ##### .#######
#########...###.#.....#.
........................
......####)#'#.Z.)....#.
..##..####.#.#)##.......
.# #......#.#.)......#.
## ##......#.#..........
# ##...##.##.##Z@#
###....##.#...#..#
....#.###.#._!#@##
....#.# #)#...#.## .
###...# #@##.##W.###.. #
##..# #..#.#......... ##
##.# ##.#.#......... .##
#.# #.#.#†........
..##..# #.#'#.........


You could see Edmund, a wraith and a wyvern zombie.

Vanquished Creatures
  Prince Ribbit (D:6)
  Grinder (D:6)
  A water moccasin (D:4)
  An ice beast (D:5)
  2 ogres
  2 phantoms
  A kobold brigand (D:6)
  A water moccasin skeleton (D:4)
  A howler monkey (D:6)
  A centaur zombie (D:5)
  A jelly (D:6)
  2 hounds
  2 iguanas
  A hound zombie (D:5)
  2 hound skeletons
  Robin (D:3)
  4 gnolls (D:5)
  A howler monkey skeleton (D:6)
  6 adders
  A white imp (D:6)
  3 worms
  A dart slug (D:3)
  4 orcs (D:5)
  5 endoplasms
  8 giant cockroaches
  9 hobgoblins
  2 jackals (D:2)
  4 quokkas
  7 ball pythons
  9 bats
  11 frilled lizards
  14 goblins
  9 kobolds
  5 rats
124 creatures vanquished.

Vanquished Creatures (others)
  55 foxfires
  36 plants
91 creatures vanquished.

Grand Total: 215 creatures vanquished

Notes
Turn   | Place    | Note
-------+----------+-------------------------------------------
     0 | D:1      | Zeld the Deep Elf Fire Elementalist began the quest for the
                  | Orb.
     0 | D:1      | Reached XP level 1. HP: 10/10 MP: 6/6
   367 | D:1      | Reached XP level 2. HP: 15/15 MP: 0/8
   370 | D:1      | Learned a level 2 spell: Scorch
  1064 | D:1      | Reached XP level 3. HP: 19/19 MP: 2/10
  1068 | D:1      | Learned a level 3 spell: Inner Flame
  1711 | D:2      | Reached skill level 4 in Spellcasting
  1737 | D:2      | Found a faded altar of an unknown god.
  1786 | D:2      | Got Plato's Grimoire of Ice
  1804 | D:2      | Noticed a phantom
  1842 | D:2      | Killed a phantom
  1843 | D:2      | Reached skill level 1 in Hexes
  1843 | D:2      | Reached XP level 4. HP: 17/24 MP: 1/12
  2132 | D:2      | Reached XP level 5. HP: 20/28 MP: 6/13
  2688 | D:3      | Found a white marble altar of Elyvilon.
  2840 | D:3      | Noticed Robin
  2926 | D:3      | Killed Robin
  3437 | D:3      | Found an ornate altar of the Wu Jian Council.
  3890 | D:4      | Reached skill level 5 in Spellcasting
  3971 | D:4      | Noticed a water moccasin
  3974 | D:4      | Killed a water moccasin
  3975 | D:4      | Reached skill level 5 in Fire Magic
  3975 | D:4      | Reached XP level 6. HP: 32/32 MP: 9/16
  4170 | D:4      | Found a staircase to the Ecumenical Temple.
  4236 | Temple   | Entered the Ecumenical Temple
  4287 | Temple   | Became a worshipper of Vehumet
  4623 | D:4      | Found a hide-covered altar of Uskayaw.
  5114 | D:5      | Entered Level 5 of the Dungeon
  5238 | D:5      | Noticed an ice beast
  5243 | D:5      | Reached skill level 6 in Spellcasting
  5243 | D:5      | Reached XP level 7. HP: 29/36 MP: 9/18
  5539 | D:5      | Found a bloodstained altar of Trog.
  5801 | D:6      | Noticed Grinder
  5801 | D:6      | Paralysed by Grinder for 3 turns
  5809 | D:6      | Paralysed by Grinder for 7 turns
  5816 | D:6      | Killed Grinder
  6033 | D:6      | Identified the ring of Odwemp {+Blink rC- Int+2 Slay+6
                  | SInv}
  6047 | D:6      | Noticed Prince Ribbit
  6053 | D:6      | Killed Prince Ribbit
  6054 | D:6      | Reached skill level 5 in Dodging
  6054 | D:6      | Reached skill level 7 in Spellcasting
  6054 | D:6      | Reached XP level 8. HP: 5/41 MP: 13/20
  6065 | D:6      | Found a glowing drain.
  6154 | Sewer    | Entered a sewer
  6793 | Sewer    | Noticed Pargi
  7354 | D:6      | Got the Handbook of Unholy Rituals and Flight
  8000 | D:6      | Found a sparkling altar of Nemelex Xobeh.
  8006 | D:6      | Noticed Edmund
  8030 | D:6      | Reached skill level 8 in Spellcasting
  8049 | D:6      | Mangled by a wyvern zombie

Illustrated notes

Levels and vault maps discovered:
D:1:      roderic_crop_circles_arrival_small, layout_basic, minmay_heptomino_o4
D:2:      layout_rooms, shapermc_ecumenical_altar_rom_forum
D:3:      layout_basic, mainiacjoe_overflow_brackets,
          nicolae_wu_jian_immortal_techniques, uniq_robin
D:4:      layout_layer_cave, general_overflow_altar, minmay_temple_entry_wispy,
          serial_forest, infiniplex_forest_join, infiniplex_forest_clump_medium,
          infiniplex_forest_clump_curved, infiniplex_forest_zigzag_1,
          infiniplex_forest_clump_C, infiniplex_forest_straight_2,
          infiniplex_forest_clump_medium, kennysheep_generic_room_16
D:5:      layout_basic, bloody_trog
D:6:      layout_basic, mainiacjoe_overflow_surrounded_room,
          gup_sewer_entry_pipe, palyth_stone_intersect, uniq_grinder,
          uniq_edmund, uniq_prince_ribbit1
Temple:   cyrus_circular_temple

Skill      XL: |  1  2  3  4  5  6  7  8 |
---------------+-------------------------+-----
Spellcasting   | 4 5 6 7 8 |  8.2
Dodging        | 3 4 5 |  5.6
Conjurations   | 2 3 4 |  4.4
Hexes          | 1 2 3 4 |  4.0
Fire Magic     | 4 5 6 7 |  7.2
Stealth        | |  2.4

Action                   |  1- 3 |  4- 6 |  7- 9 || total
-------------------------+-------+-------+-------++-------
Melee: Unarmed           |    18 |    18 |     4 ||    40
 Cast: Foxfire           |    32 |     1 |     3 ||    36
       Scorch            |    37 |    64 |    78 ||   179
       Inner Flame       |       |       |     2 ||     2
Evoke: Wand              |       |       |     9 ||     9
Armor: Robe              |     5 |     8 |    16 ||    29
Dodge: Dodged            |    18 |    32 |    59 ||   109
